Workbook

Sheet PRESUPUESTO_ESTUDIO MERCADO 
A1: PRESUPUESTO PARA ADECUACION DE CAFETERIA CTPGA
A2: ITEM | B2: DESCRIPCION | E2: H&V Construcciones & Consultoría NIT: 900.700.737-8 | G2: VAMA SOLUCIONES S.A.S NIT: 901722305-8 | I2: Cotización ingeniero Civil Victor Sampayo - MP: 54202-271756 NTS cc: 1052.962.040 | K2: VALOR PROMEDIO
A3: CAFETERIA CTPGA | C3: UND | D3: CANT | E3: Vr. UNIT | F3: Vr. TOTAL | G3: Vr. UNIT | H3: Vr. TOTAL | I3: Vr. UNIT | J3: Vr. TOTAL | K3: Vr. TOTAL PROM
A4: A | B4: ACTIVIDADES PRELIMINARES
A5: 1 | B5: Desmonte y mantenimiento de estructura en acero inoxidable o campana, reajuste de la misma para volverla a instalar (cocina) | C5: UNIDAD | D5: 1 | E5: 478906 | F5: =D5*E5 -> 478906 | G5: 478906 | H5: =G5*D5 -> 478906 | I5: 478906 | J5: =I5*D5 -> 478906 | K5: =AVERAGE(F5,H5,J5) -> 478906
A6: B | B6: PISOS Y ACABADOS
A7: 1 | B7: Suministro e instalacion de CERAMICA ANTIDESLIZANTE 40x60 negro, incluye pegante ceramico tipo pegacor o similar, molduras, boca puertas y demas elementos necesarios para su correcta instalacion y funcionamiento | C7: M2 | D7: 34 | E7: ='A.P.U. DESDE A-H'!I483 -> 116255 | F7: =+D7*E7 -> 3952670 | G7: 116255 | H7: =G7*D7 -> 3952670 | I7: 116255 | J7: =I7*D7 -> 3952670 | K7: =AVERAGE(F7,H7,J7) -> 3952670
A8: 2 | B8: Suministros y construccion de piso de nivelacion en concreto 3000psi con e:0.04 según diseño, formaleta y demas elementos necesarios para su correcta construccion. Acabado allanado | C8: M2 | D8: 35 | E8: ='A.P.U. DESDE A-H'!I185 -> 60233 | F8: =+D8*E8 -> 2108155 | G8: 60233 | H8: =G8*D8 -> 2108155 | I8: 60233 | J8: =I8*D8 -> 2108155 | K8: =AVERAGE(F8,H8,J8) -> 2108155
A9: 3 | B9: Suministro e instalacion de CERAMICA para paredes de la cocina a 2.4 m de altura, incluye pegante ceramico tipo pegacor o similar, molduras, boca puertas y demas elementos necesarios para su correcta instalacion y funcionamiento | C9: M2 | D9: 27 | E9: ='A.P.U. DESDE A-H'!I460 -> 116735 | F9: =+D9*E9 -> 3151845 | G9: 116735 | H9: =G9*D9 -> 3151845 | I9: 116735 | J9: =I9*D9 -> 3151845 | K9: =AVERAGE(F9,H9,J9) -> 3151845
A10: 4 | B10: Suministro y aplicación de pintura acrilica, Vinilo Tipo 1 de primera calidad sobre muros revocados y/o estucados, tres manos o las necesarias para obtener una superficie pareja y homogénea. Incluye suministro y transporte de los materiales, tapa poros, adecuación de la superficie a intervenir hasta obtener una superficie pareja y homogénea, color a definir | C10: M2 | D10: 70 | E10: ='A.P.U. DESDE A-H'!I392 -> 14547 | F10: =+D10*E10 -> 1018290 | G10: 14547 | H10: =G10*D10 -> 1018290 | I10: 14547 | J10: =I10*D10 -> 1018290 | K10: =AVERAGE(F10,H10,J10) -> 1018290
A11: 5 | B11: Suministro y construccion de muros, revoque y filos con mortero 1:4 sobre muros y filos. Incluye suministro y transporte de los materiales, fajas, ranuras, filetes y todos los demás elementos necesarios para su correcta construcción. | C11: M2 | D11: 28 | E11: ='A.P.U. DESDE A-H'!I347 -> 45283 | F11: =+D11*E11 -> 1267924 | G11: 45283 | H11: =G11*D11 -> 1267924 | I11: 45283 | J11: =I11*D11 -> 1267924 | K11: =AVERAGE(F11,H11,J11) -> 1267924
A12: 6 | B12: Suministro e instalaciòn de cielo falso en pvc , enpotrado en estructura metalica con omegas, vigas y angulo perimetral en toda el area de la cocina. Incluye todos los accesorios necesarios para su correcta instalacion.. | C12: M2 | D12: 52 | E12: 135862.5 | F12: =+D12*E12 -> 7064850 | G12: 135989 | H12: =G12*D12 -> 7071428 | I12: 135989 | J12: =I12*D12 -> 7071428 | K12: =AVERAGE(F12,H12,J12) -> 7069235.3
A13: 7 | B13: Recorte y adecuacion de la tapa del pozo de agua potable, incluye todos los elementos necesarios para su adecuacion. | C13: UNIDAD | D13: 1 | E13: 250000 | F13: =+D13*E13 -> 250000 | G13: 250000 | H13: =G13*D13 -> 250000 | I13: 250000 | J13: =I13*D13 -> 250000 | K13: =AVERAGE(F13,H13,J13) -> 250000
A14: 8 | B14: Mantenimiento preventico y correctivo de canales, bajantes y goteras con cinta tipo sika presentes en la zona de cafeteria, incluye todos los elementos necesarios para su ejecucion. | C14: UNIDAD | D14: 1 | E14: 900000 | F14: =+D14*E14 -> 900000 | G14: 900000 | H14: =G14*D14 -> 900000 | I14: 900000 | J14: =I14*D14 -> 900000 | K14: =AVERAGE(F14,H14,J14) -> 900000
A15: C | B15: ELECTRICO
A16: 1 | B16: Sumistro e instalacion de luces tipo ojos de buey de 6", incluye, suiches, cablaedo, tuberia galvanizada y todos los accesorios para su correcta instalacion | C16: UNIDAD | D16: 12 | E16: ='APU ELECTRICO'!I21 -> 129500 | F16: =D16*E16 -> 1554000 | G16: 130048.17 | H16: 1560578 | I16: 129500 | J16: =I16*D16 -> 1554000 | K16: =AVERAGE(F16,H16,J16) -> 1556192.7
A17: D | B17: CARPINTERIA METALICA Y MADERA
A18: 1 | B18: Suministro, Transporte e Instalación de lavaplatos en acero inoxidable con dos posetas de 3 metros de largo, con soporte en estructura galvanizada y un entrepaño, incluye griferia y todos los elementos necesarios para su correcta instalaciòn. | C18: UNDAD | D18: 1 | E18: 3500000 | F18: =D18*E18 -> 3500000 | G18: 3500000 | H18: =G18*D18 -> 3500000 | I18: 3500000 | J18: =I18*D18 -> 3500000 | K18: =AVERAGE(F18,H18,J18) -> 3500000
C19: TOTAL COSTO DIRECTO | F19: =SUM(F5:F18) -> 25246640 | H19: =SUM(H5:H18) -> 25259796 | J19: =SUM(J5:J18) -> 25253218 | K19: =AVERAGE(F19,H19,J19) -> 25253218 | L19: =SUM(K18,K16,K14,K13,K12,K11,K10,K9,K8,K7,K5) -> 25253218
B21: COSTOS DIRECTOS | F21: =F19 -> 25246640 | H21: =H19 -> 25259796 | J21: =J19 -> 25253218 | K21: =K19 -> 25253218
B22: COSTOS INDIRECTOS
B23: ADMINISTRACION 20 % | F23: =F21*0.2 -> 5049328 | H23: =H21*0.2 -> 5051959.2 | J23: =J21*0.2 -> 5050643.6 | K23: =K21*0.2 -> 5050643.6
B24: UTILIDAD 5 % | F24: =F21*0.05 -> 1262332 | H24: =H21*0.05 -> 1262989.8 | J24: =J21*0.05 -> 1262660.9 | K24: =K21*0.05 -> 1262660.9
B25: COSTO TOTAL | F25: =SUM(F21:F24) -> 31558300 | H25: =SUM(H21:H24) -> 31574745 | J25: =SUM(J21:J24) -> 31566522 | K25: =SUM(K21:K24) -> 31566522

Sheet APU ELECTRICO
A2: ITEM: | B2: ='PRESUPUESTO_ESTUDIO MERCADO '!B16 -> Sumistro e instalacion de luces tipo ojos de buey de 6", incluye, suiches, cablaedo, tuberia galvanizada y todos los accesorios para su correcta instalacion
A3: A.P.U_H-03 | H3: UNIDAD: | I3: Und
A4: EQUIPOS Y HERRAMIENTAS | F4: CANT | G4: Vr. / DIA | H4: REND. | I4: V-UNIT.
A5: Hta menor | I5: =ROUND((SUM(I19:I20)*0.05),0) -> 2186
A8: MATERIALES | F8: UN. | G8: P-UNIT. | H8: CANT. | I8: V-UNIT
A9: ojos de buey | F9: Unidad | G9: 14000 | H9: 1 | I9: =+H9*G9 -> 14000
A10: Caja empalme emt | F10: Und | G10: 12000 | H10: 1 | I10: =+H10*G10 -> 12000
A11: Alamre CU aislamiento PVC THWN 12 | F11: ml | G11: 15000 | H11: 3 | I11: =+G11*H11 -> 45000
A12: Interruptor doble tipo luminex o similar | F12: Und | G12: 9000 | H12: 1 | I12: =+G12*H12 -> 9000
A13: Tuberia EMT 3/4 pulg y accesorios | F13: ml | G13: 1200 | H13: 3 | I13: =+G13*H13 -> 3600
I14: =+G14*H14 -> 0
A15: TRANSPORTE | E15: Vol (M3) | F15: DIST. | G15: M3-KM | H15: TARIFA | I15: V-UNIT
A16: Materiales | F16: 6 | G16: =35000/F16 -> 5833.3333 | H16: =+G16*6 -> 35000 | I16: =+E16*G16 -> 0
A17: Agregados | I17: =+E17*G17 -> 0
A18: MANO DE OBRA | E18: CANT. | F18: JORNAL+PRESTAC. | H18: REND. | I18: V-UNIT
A19: OFICIAL ELECTRICO | E19: 1 | F19: =60000*1.7 -> 102000 | H19: 3.5 | I19: =+(E19*F19)/H19 -> 29142.857
A20: AYUDANTE RASO | E20: 1 | F20: =30000*1.7 -> 51000 | H20: 3.5 | I20: =+(E20*F20)/H20 -> 14571.429
F21: TOTAL COSTO DIRECTO | I21: =ROUND((SUM(I5:I20)),0) -> 129500

Sheet A.P.U PUERTAS
A1: ITEM: | B1: ='PRESUPUESTO_ESTUDIO MERCADO '!#REF! -> #REF!
A2: A.P.U_G-01 | H2: UNIDAD: | I2: UNIDAD
A3: EQUIPOS Y HERRAMIENTAS | F3: CANT | G3: Vr. / DIA | H3: REND. | I3: V-UNIT.
A4: Hta menor | I4: =ROUND((SUM(I19:I20)*0.05),0) -> 10929
A7: MATERIALES | F7: UN. | G7: P-UNIT. | H7: CANT. | I7: V-UNIT
A8: angulo metalico de 2" | F8: unidad | G8: 100000 | H8: 1.5 | I8: =+H8*G8 -> 150000
A9: pintura | F9: unidad | G9: 90000 | H9: 0.3 | I9: =+H9*G9 -> 27000
A10: chazos | F10: unidad | G10: 3500 | H10: 12 | I10: =+H10*G10 -> 42000
A11: melamina de 2.2*0.6 | F11: unidad | G11: 80000 | H11: 1 | I11: =+H11*G11 -> 80000
I12: =+G12*H12 -> 0
I13: =+G13*H13 -> 0
I14: =+G14*H14 -> 0
A15: TRANSPORTE | E15: Vol (M3) | F15: DIST. | G15: M3-KM | H15: TARIFA | I15: V-UNIT
A16: Materiales | F16: 6 | G16: =35000/F16 -> 5833.3333 | H16: =+G16*6 -> 35000 | I16: =+E16*G16 -> 0
A17: Agregados | I17: =+E17*G17 -> 0
A18: MANO DE OBRA | E18: CANT. | F18: JORNAL+PRESTAC. | H18: REND. | I18: V-UNIT
A19: HORNAMENTADOR | E19: 1 | F19: =90000*1.7 -> 153000 | H19: 0.7 | I19: =+E19*F19/H19 -> 218571.43
F21: TOTAL COSTO DIRECTO | I21: =ROUND((SUM(I4:I20)),0) -> 528500
A23: ITEM: | B23: ='PRESUPUESTO_ESTUDIO MERCADO '!#REF! -> #REF!
A24: A.P.U_G-01 | H24: UNIDAD: | I24: M2
A25: EQUIPOS Y HERRAMIENTAS | F25: CANT | G25: Vr. / DIA | H25: REND. | I25: V-UNIT.
A26: Hta menor | I26: =ROUND((SUM(I41:I42)*0.05),0) -> 531
A29: MATERIALES | F29: UN. | G29: P-UNIT. | H29: CANT. | I29: V-UNIT
A30: puerta ventana en aluminio y vidrio 5 mm | F30: m2 | G30: 260000 | H30: 1.05 | I30: =+H30*G30 -> 273000
I34: =+G34*H34 -> 0
I35: =+G35*H35 -> 0
I36: =+G36*H36 -> 0
A37: TRANSPORTE | E37: Vol (M3) | F37: DIST. | G37: M3-KM | H37: TARIFA | I37: V-UNIT
A38: Materiales | F38: 6 | G38: =35000/F38 -> 5833.3333 | H38: =+G38*6 -> 35000 | I38: =+E38*G38 -> 0
A39: Agregados | I39: =+E39*G39 -> 0
A40: MANO DE OBRA | E40: CANT. | F40: JORNAL+PRESTAC. | H40: REND. | I40: V-UNIT
A41: =CUADRILLAS!A8 -> 1 OFICIAL + 1 AYUDANTE | E41: 1 | F41: =CUADRILLAS!D8 -> 212500 | H41: 20 | I41: =+E41*F41/H41 -> 10625
F43: TOTAL COSTO DIRECTO | I43: =ROUND((SUM(I26:I42)),0) -> 284156
A45: ITEM: | B45: ='PRESUPUESTO_ESTUDIO MERCADO '!#REF! -> #REF!
A46: A.P.U_G-01 | H46: UNIDAD: | I46: M2
A47: EQUIPOS Y HERRAMIENTAS | F47: CANT | G47: Vr. / DIA | H47: REND. | I47: V-UNIT.
A48: Hta menor | I48: =ROUND((SUM(I63:I64)*0.05),0) -> 354
A51: MATERIALES | F51: UN. | G51: P-UNIT. | H51: CANT. | I51: V-UNIT
A52: puerta ventana en aluminio y vidrio 4 mm | F52: m2 | G52: 220000 | H52: 1.05 | I52: =+H52*G52 -> 231000
I56: =+G56*H56 -> 0
I57: =+G57*H57 -> 0
I58: =+G58*H58 -> 0
A59: TRANSPORTE | E59: Vol (M3) | F59: DIST. | G59: M3-KM | H59: TARIFA | I59: V-UNIT
A60: Materiales | F60: 6 | G60: =35000/F60 -> 5833.3333 | H60: =+G60*6 -> 35000 | I60: =+E60*G60 -> 0
A61: Agregados | I61: =+E61*G61 -> 0
A62: MANO DE OBRA | E62: CANT. | F62: JORNAL+PRESTAC. | H62: REND. | I62: V-UNIT
A63: =CUADRILLAS!B8 -> CUADRILLA 3 | E63: 1 | F63: =CUADRILLAS!D8 -> 212500 | H63: 30 | I63: =+E63*F63/H63 -> 7083.3333
F65: TOTAL COSTO DIRECTO | I65: =ROUND((SUM(I48:I64)),0) -> 238437
A67: ITEM: | B67: ='PRESUPUESTO_ESTUDIO MERCADO '!#REF! -> #REF!
A68: A.P.U_G-01 | H68: UNIDAD: | I68: UNIDAD
A69: EQUIPOS Y HERRAMIENTAS | F69: CANT | G69: Vr. / DIA | H69: REND. | I69: V-UNIT.
A70: Hta menor | I70: =ROUND((SUM(I85:I86)*0.05),0) -> 1328
A73: MATERIALES | F73: UN. | G73: P-UNIT. | H73: CANT. | I73: V-UNIT
A74: puerta en madera de 0.7 x 2.5 m | F74: unidad | G74: 400000 | H74: 1.05 | I74: =+H74*G74 -> 420000
A75: marco en madera pintado | F75: unidad | G75: 150000 | H75: 1 | I75: =+H75*G75 -> 150000
I78: =+G78*H78 -> 0
I79: =+G79*H79 -> 0
I80: =+G80*H80 -> 0
A81: TRANSPORTE | E81: Vol (M3) | F81: DIST. | G81: M3-KM | H81: TARIFA | I81: V-UNIT
A82: Materiales | F82: 6 | G82: =35000/F82 -> 5833.3333 | H82: =+G82*6 -> 35000 | I82: =+E82*G82 -> 0
A83: Agregados | I83: =+E83*G83 -> 0
A84: MANO DE OBRA | E84: CANT. | F84: JORNAL+PRESTAC. | H84: REND. | I84: V-UNIT
A85: =CUADRILLAS!B8 -> CUADRILLA 3 | E85: 1 | F85: =CUADRILLAS!D8 -> 212500 | H85: 8 | I85: =+E85*F85/H85 -> 26562.5
F87: TOTAL COSTO DIRECTO | I87: =ROUND((SUM(I70:I86)),0) -> 597891
A89: ITEM: | B89: ='PRESUPUESTO_ESTUDIO MERCADO '!#REF! -> #REF!
A90: A.P.U_G-01 | H90: UNIDAD: | I90: M2
A91: EQUIPOS Y HERRAMIENTAS | F91: CANT | G91: Vr. / DIA | H91: REND. | I91: V-UNIT.
A92: Hta menor | I92: =ROUND((SUM(I107:I108)*0.05),0) -> 531
A95: MATERIALES | F95: UN. | G95: P-UNIT. | H95: CANT. | I95: V-UNIT
A96: puerta ventana proyectante en aluminio y vidrio natural | F96: m2 | G96: 270000 | H96: 1 | I96: =+H96*G96 -> 270000
I100: =+G100*H100 -> 0
I101: =+G101*H101 -> 0
I102: =+G102*H102 -> 0
A103: TRANSPORTE | E103: Vol (M3) | F103: DIST. | G103: M3-KM | H103: TARIFA | I103: V-UNIT
A104: Materiales | F104: 6 | G104: =35000/F104 -> 5833.3333 | H104: =+G104*6 -> 35000 | I104: =+E104*G104 -> 0
A105: Agregados | I105: =+E105*G105 -> 0
A106: MANO DE OBRA | E106: CANT. | F106: JORNAL+PRESTAC. | H106: REND. | I106: V-UNIT
A107: =CUADRILLAS!B8 -> CUADRILLA 3 | E107: 1 | F107: =CUADRILLAS!D8 -> 212500 | H107: 20 | I107: =+E107*F107/H107 -> 10625
F109: TOTAL COSTO DIRECTO | I109: =ROUND((SUM(I92:I108)),0) -> 281156
A111: ITEM: | B111: ='PRESUPUESTO_ESTUDIO MERCADO '!#REF! -> #REF!
A112: A.P.U_G-01 | H112: UNIDAD: | I112: UNIDAD
A113: EQUIPOS Y HERRAMIENTAS | F113: CANT | G113: Vr. / DIA | H113: REND. | I113: V-UNIT.
A114: Hta menor | I114: =ROUND((SUM(I129:I130)*0.05),0) -> 10200
A117: MATERIALES | F117: UN. | G117: P-UNIT. | H117: CANT. | I117: V-UNIT
A118: puerta garage en alumino con motor electrico | F118: unidad | G118: 4500000 | H118: 1.05 | I118: =+H118*G118 -> 4725000
I122: =+G122*H122 -> 0
I123: =+G123*H123 -> 0
I124: =+G124*H124 -> 0
A125: TRANSPORTE | E125: Vol (M3) | F125: DIST. | G125: M3-KM | H125: TARIFA | I125: V-UNIT
A126: Materiales | F126: 6 | G126: =35000/F126 -> 5833.3333 | H126: =+G126*6 -> 35000 | I126: =+E126*G126 -> 0
A127: Agregados | I127: =+E127*G127 -> 0
A128: MANO DE OBRA | E128: CANT. | F128: JORNAL+PRESTAC. | H128: REND. | I128: V-UNIT
A129: 1 SOLDADOR + 1 AYUDANTE | E129: 1 | F129: =80000*1.7+40000*1.7 -> 204000 | H129: 1 | I129: =+E129*F129/H129 -> 204000
F131: TOTAL COSTO DIRECTO | I131: =ROUND((SUM(I114:I130)),0) -> 4939200
A133: ITEM: | B133: ='PRESUPUESTO_ESTUDIO MERCADO '!#REF! -> #REF!
A134: A.P.U_G-01 | H134: UNIDAD: | I134: ML
A135: EQUIPOS Y HERRAMIENTAS | F135: CANT | G135: Vr. / DIA | H135: REND. | I135: V-UNIT.
A136: Hta menor | I136: =ROUND((SUM(I151:I152)*0.05),0) -> 468
A139: MATERIALES | F139: UN. | G139: P-UNIT. | H139: CANT. | I139: V-UNIT
A140: pasamanos en vidrio natural y acero inoxidable vidrio templado | F140: unidad | G140: 350000 | H140: 1 | I140: =+H140*G140 -> 350000
...

Sheet A.PU. SANITARIO
A1: ITEM: | B1: ='PRESUPUESTO_ESTUDIO MERCADO '!B18 -> Suministro, Transporte e Instalación de lavaplatos en acero inoxidable con dos posetas de 3 metros de largo, con soporte en estructura galvanizada y un entrepaño, incluye griferia y todos los elementos necesarios para su correcta instalaciòn.
A2: A.P.U_J-01 | H2: UNIDAD: | I2: Und
A3: EQUIPOS Y HERRAMIENTAS | F3: CANT | G3: Vr. / DIA | H3: REND. | I3: V-UNIT.
A4: Hta menor | I4: =ROUND((SUM(I20:I21)*0.05),0) -> 4533
A7: MATERIALES | F7: UN. | G7: P-UNIT. | H7: CANT. | I7: V-UNIT
A8: Sanitario San giorgio alongado dual Blanco CORONA | F8: Und | G8: 650000 | H8: 1 | I8: =+H8*G8 -> 650000
A9: Cemento blanco tipo 1 | F9: Kg | G9: 1200 | H9: 2 | I9: =+H9*G9 -> 2400
A10: Valvula regulacion 1/2 pulg metalica GRIVAL | F10: Und | G10: 45000 | H10: 1 | I10: =+H10*G10 -> 45000
I11: =+H11*G11 -> 0
I12: =+H12*G12 -> 0
I13: =+H13*G13 -> 0
I14: =+G14*H14 -> 0
I15: =+G15*H15 -> 0
A16: TRANSPORTE | E16: Vol (M3) | F16: DIST. | G16: M3-KM | H16: TARIFA | I16: V-UNIT
A17: Materiales
A18: Agregados | I18: =+E18*G18 -> 0
A19: MANO DE OBRA | E19: CANT. | F19: JORNAL+PRESTAC. | H19: REND. | I19: V-UNIT
A20: =CUADRILLAS!A18 -> OFICIAL PLOMERIA | E20: 1 | F20: =CUADRILLAS!B18*1.7 -> 136000 | H20: 1.5 | I20: =+(E20*F20)/H20 -> 90666.667
F22: TOTAL COSTO DIRECTO | I22: =ROUND((SUM(I4:I21)),0) -> 792600
A24: ITEM: | B24: ='PRESUPUESTO_ESTUDIO MERCADO '!#REF! -> #REF!
A25: A.P.U_J-01 | H25: UNIDAD: | I25: Und
A26: EQUIPOS Y HERRAMIENTAS | F26: CANT | G26: Vr. / DIA | H26: REND. | I26: V-UNIT.
A27: Hta menor | I27: =ROUND((SUM(I43:I44)*0.05),0) -> 4533
A30: MATERIALES | F30: UN. | G30: P-UNIT. | H30: CANT. | I30: V-UNIT
A31: Orinal Arrecife entrada superior | F31: Und | G31: 400000 | H31: 1 | I31: =+H31*G31 -> 400000
A32: silicona | F32: Und | G32: 70000 | H32: 0.1 | I32: =+H32*G32 -> 7000
I34: =+H34*G34 -> 0
I35: =+H35*G35 -> 0
I36: =+H36*G36 -> 0
I37: =+G37*H37 -> 0
I38: =+G38*H38 -> 0
A39: TRANSPORTE | E39: Vol (M3) | F39: DIST. | G39: M3-KM | H39: TARIFA | I39: V-UNIT
A40: Materiales
A41: Agregados | I41: =+E41*G41 -> 0
A42: MANO DE OBRA | E42: CANT. | F42: JORNAL+PRESTAC. | H42: REND. | I42: V-UNIT
A43: =CUADRILLAS!A18 -> OFICIAL PLOMERIA | E43: 1 | F43: =80000*1.7 -> 136000 | H43: 1.5 | I43: =+(E43*F43)/H43 -> 90666.667
F45: TOTAL COSTO DIRECTO | I45: =ROUND((SUM(I27:I44)),0) -> 502200
A48: ITEM: | B48: ='PRESUPUESTO_ESTUDIO MERCADO '!#REF! -> #REF!
A49: A.P.U_J-01 | H49: UNIDAD: | I49: Und
A50: EQUIPOS Y HERRAMIENTAS | F50: CANT | G50: Vr. / DIA | H50: REND. | I50: V-UNIT.
A51: Hta menor | I51: =ROUND((SUM(I66:I67)*0.05),0) -> 2550
A54: MATERIALES | F54: UN. | G54: P-UNIT. | H54: CANT. | I54: V-UNIT
A55: Lavamanos | F55: Und | G55: 250000 | H55: 1 | I55: =+H55*G55 -> 250000
A56: Valvula regulacion 1/2 pulg metalica GRIVAL | F56: Und | G56: 45000 | H56: 1 | I56: =+H56*G56 -> 45000
I58: =+H58*G58 -> 0
I59: =+H59*G59 -> 0
I60: =+G60*H60 -> 0
I61: =+G61*H61 -> 0
A62: TRANSPORTE | E62: Vol (M3) | F62: DIST. | G62: M3-KM | H62: TARIFA | I62: V-UNIT
A63: Materiales | E63: 0.3 | F63: 6 | G63: =35000/F63 -> 5833.3333 | H63: =+G63*6 -> 35000 | I63: =+E63*G63 -> 1750
A64: Agregados | I64: =+E64*G64 -> 0
A65: MANO DE OBRA | E65: CANT. | F65: JORNAL+PRESTAC. | H65: REND. | I65: V-UNIT
A66: PLOMERO | E66: 1 | F66: =60000*1.7 -> 102000 | H66: 2 | I66: =+(E66*F66)/H66 -> 51000
F68: TOTAL COSTO DIRECTO | I68: =ROUND((SUM(I51:I67)),0) -> 350300

Sheet A.P.U. DESDE A-H
A1: ITEM: | B1: ='PRESUPUESTO_ESTUDIO MERCADO '!#REF! -> #REF!
A2: A.P.U_A-03 | H2: UNIDAD: | I2: M2
A3: EQUIPOS Y HERRAMIENTAS | F3: CANT | G3: Vr. / DIA | H3: REND. | I3: V-UNIT.
A4: Hta menor | I4: =ROUND((SUM(I20:I21)*0.05),0) -> 1204
A5: demoledor | F5: 1 | G5: 80000 | H5: 12 | I5: =F5*G5/H5 -> 6666.6667
A7: MATERIALES | F7: UN. | G7: P-UNIT. | H7: CANT. | I7: V-UNIT
I10: =+H10*G10 -> 0
A16: TRANSPORTE | E16: Vol (M3) | F16: DIST. | G16: M3-KM | H16: TARIFA | I16: V-UNIT
A17: Materiales | E17: 1 | F17: 5 | G17: =40000/F17 -> 8000 | H17: =+G17*6 -> 48000 | I17: =+E17*G17 -> 8000
A18: Agregados | I18: =+E18*G18 -> 0
A19: MANO DE OBRA | E19: CANT. | F19: JORNAL+PRESTAC. | H19: REND. | I19: V-UNIT
A20: =CUADRILLAS!B9 -> CUADRILLA 4 | E20: 1 | F20: =CUADRILLAS!D9 -> 289000 | H20: 12 | I20: =+(E20*F20)/H20 -> 24083.333
F22: TOTAL COSTO DIRECTO | I22: =ROUND((SUM(I4:I21)),0) -> 39954
A24: ITEM: | B24: ='PRESUPUESTO_ESTUDIO MERCADO '!B5 -> Desmonte y mantenimiento de estructura en acero inoxidable o campana, reajuste de la misma para volverla a instalar (cocina)
A25: A.P.U_B-01 | H25: UNIDAD: | I25: UNIDAD
A26: EQUIPOS Y HERRAMIENTAS | F26: CANT | G26: Vr. / DIA | H26: REND. | I26: V-UNIT.
A27: Hta menor | I27: =ROUND((SUM(I43:I44)*0.05),0) -> 15179
A30: MATERIALES | F30: UN. | G30: P-UNIT. | H30: CANT. | I30: V-UNIT
A31: accesorios | F31: unidad | G31: 300000 | H31: 1 | I31: =+H31*G31 -> 300000
I32: =+H32*G32 -> 0
I33: =+H33*G33 -> 0
I34: =+H34*G34 -> 0
I35: =+H35*G35 -> 0
I36: =+H36*G36 -> 0
I37: =+H37*G37 -> 0
I38: =+H38*G38 -> 0
A39: TRANSPORTE | E39: Vol (M3) | F39: DIST. | G39: M3-KM | H39: TARIFA | I39: V-UNIT
A40: Material Sobrante
A41: Agregados
A42: MANO DE OBRA | E42: CANT. | F42: JORNAL+PRESTAC. | H42: REND. | I42: V-UNIT
A43: =CUADRILLAS!B8 -> CUADRILLA 3 | E43: 1 | F43: =CUADRILLAS!D8 -> 212500 | H43: 0.7 | I43: =F43/H43 -> 303571.43
F45: TOTAL COSTO DIRECTO | I45: =ROUND((SUM(I27:I44)),0) -> 618750
A47: ITEM: | B47: ='PRESUPUESTO_ESTUDIO MERCADO '!#REF! -> #REF!
A48: A.P.U_B-02 | H48: UNIDAD: | I48: M3
A49: EQUIPOS Y HERRAMIENTAS | F49: CANT | G49: Vr. / DIA | H49: REND. | I49: V-UNIT.
A50: Hta menor | I50: =ROUND((SUM(I66:I67)*0.05),0) -> 4760
I51: =+F51*G51*H51 -> 0
A53: MATERIALES | F53: UN. | G53: P-UNIT. | H53: CANT. | I53: V-UNIT
I54: =+H54*G54 -> 0
I55: =+H55*G55 -> 0
I56: =+H56*G56 -> 0
I57: =+H57*G57 -> 0
I58: =+H58*G58 -> 0
I59: =+H59*G59 -> 0
I60: =+H60*G60 -> 0
I61: =+H61*G61 -> 0
A62: TRANSPORTE | E62: Vol (M3) | F62: DIST. | G62: M3-KM | H62: TARIFA | I62: V-UNIT
A63: Materiale sobrante | E63: 1 | F63: 5 | G63: =60000/F63 -> 12000 | H63: =+G63*6 -> 72000 | I63: =+E63*G63 -> 12000
A64: Agregados | I64: =+E64*G64 -> 0
A65: MANO DE OBRA | E65: CANT. | F65: JORNAL+PRESTAC. | H65: REND. | I65: V-UNIT
A66: =CUADRILLAS!B10 -> CUADRILLA 5 | E66: 1 | F66: =CUADRILLAS!D10 -> 476000 | H66: 5 | I66: =+(E66*F66)/H66 -> 95200
F68: TOTAL COSTO DIRECTO | I68: =ROUND((SUM(I50:I67)),0) -> 111960
A70: ITEM: | B70: ='PRESUPUESTO_ESTUDIO MERCADO '!#REF! -> #REF!
A71: A.P.U_B-03 | H71: UNIDAD: | I71: M3
A72: EQUIPOS Y HERRAMIENTAS | F72: CANT | G72: Vr. / DIA | H72: REND. | I72: V-UNIT.
A73: Hta menor | I73: =ROUND((SUM(I89:I90)*0.05),0) -> 1587
A74: Compactador mecanico tipo canguro | F74: 1 | G74: 80000 | H74: =H89 -> 15 | I74: =+F74*G74/H74 -> 5333.3333
A76: MATERIALES | F76: UN. | G76: P-UNIT. | H76: CANT. | I76: V-UNIT
A77: material de prestamo | F77: m3 | G77: 25000 | H77: 1.1 | I77: =+H77*G77 -> 27500
I78: =+H78*G78 -> 0
I79: =+H79*G79 -> 0
I80: =+H80*G80 -> 0
I81: =+H81*G81 -> 0
I82: =+H82*G82 -> 0
I83: =+H83*G83 -> 0
I84: =+H84*G84 -> 0
A85: TRANSPORTE | E85: Vol (M3) | F85: DIST. | G85: M3-KM | H85: TARIFA | I85: V-UNIT
A86: Material Sobrante | F86: 6 | G86: =35000/F86 -> 5833.3333 | H86: =+G86*6 -> 35000 | I86: =+E86*G86 -> 0
A87: Agregados | I87: =+E87*G87 -> 0
A88: MANO DE OBRA | E88: CANT. | F88: JORNAL+PRESTAC. | H88: REND. | I88: V-UNIT
A89: =CUADRILLAS!B10 -> CUADRILLA 5 | E89: 1 | F89: =CUADRILLAS!D10 -> 476000 | H89: 15 | I89: =F89/H89 -> 31733.333
F91: TOTAL COSTO DIRECTO | I91: =ROUND((SUM(I73:I90)),0) -> 66154
A93: ITEM: | B93: ='PRESUPUESTO_ESTUDIO MERCADO '!#REF! -> #REF!
A94: A.P.U_C-01 | H94: UNIDAD: | I94: M3
A95: EQUIPOS Y HERRAMIENTAS | F95: CANT | G95: Vr. / DIA | H95: REND. | I95: V-UNIT.
A96: Hta menor | I96: =ROUND((SUM(I112:I113)*0.05),0) -> 4760
I97: =+F97*G97*H97 -> 0
A99: MATERIALES | F99: UN. | G99: P-UNIT. | H99: CANT. | I99: V-UNIT
A100: ='A.P.A'!B22 -> APA PREPARACION CONCRETO 2500PSI EN OBRA | F100: M3 | G100: ='A.P.A'!I44 -> 369679 | H100: =0.05*1.05 -> 0.0525 | I100: =+H100*G100 -> 19408.148
I101: =+H101*G101 -> 0
I102: =+H102*G102 -> 0
I103: =+H103*G103 -> 0
I104: =+H104*G104 -> 0
I105: =+H105*G105 -> 0
I106: =+H106*G106 -> 0
I107: =+H107*G107 -> 0
A108: TRANSPORTE | E108: Vol (M3) | F108: DIST. | G108: M3-KM | H108: TARIFA | I108: V-UNIT
A109: Materiale sobrante | F109: 6 | G109: =35000/F109 -> 5833.3333 | H109: =+G109*6 -> 35000 | I109: =+E109*G109 -> 0
A110: Agregados | I110: =+E110*G110 -> 0
A111: MANO DE OBRA | E111: CANT. | F111: JORNAL+PRESTAC. | H111: REND. | I111: V-UNIT
A112: =CUADRILLAS!B10 -> CUADRILLA 5 | E112: 1 | F112: =CUADRILLAS!D10 -> 476000 | H112: 5 | I112: =+(E112*F112)/H112 -> 95200
F114: TOTAL COSTO DIRECTO | I114: =ROUND((SUM(I96:I113)),0) -> 119368
A116: ITEM: | B116: ='PRESUPUESTO_ESTUDIO MERCADO '!#REF! -> #REF!
A117: A.P.U_C-02 | H117: UNIDAD: | I117: Ml
A118: EQUIPOS Y HERRAMIENTAS | F118: CANT | G118: Vr. / DIA | H118: REND. | I118: V-UNIT.
A119: Hta menor | I119: =ROUND((SUM(I135:I136)*0.05),0) -> 425
A122: MATERIALES | F122: UN. | G122: P-UNIT. | H122: CANT. | I122: V-UNIT
A123: Bloque de hormigon de 0.15x0.20x0.40mts | F123: Und | G123: 3000 | H123: 6 | I123: =+H123*G123 -> 18000
A124: ='A.P.A'!B69 -> APA PREPARACION MORTERO 1:4 EN OBRA | F124: M3 | G124: ='A.P.A'!I90 -> 491083 | H124: 0.03 | I124: =+H124*G124 -> 14732.49
A125: Solucion asfaltica de Sika (Igol Denso) | F125: Kg | G125: =42500/3 -> 14166.667 | H125: =0.4 -> 0.4 | I125: =+H125*G125 -> 5666.6667
...

Sheet A.P.A
A2: ITEM: | B2: APA PREPARACION CONCRETO 3000PSI EN OBRA
H3: UNIDAD: | I3: M3
A4: EQUIPOS Y HERRAMIENTAS | F4: CANT | G4: Vr. / DIA | H4: REND. | I4: V-UNIT.
A5: Hta menor | I5: =I18*5% -> 6800
A6: Concretadora | F6: 1 | G6: 130000 | H6: 4.5 | I6: =F6*G6/H6 -> 28888.889
A8: MATERIALES | F8: UNIDAD | G8: P-UNIT. | H8: CANT. | I8: V-UNIT
A9: Cemento gris | F9: Saco | G9: 32000 | H9: =7*1.05 -> 7.35 | I9: =G9*H9 -> 235200
A10: Material MIXTO | F10: M3 | G10: 90000 | H10: =1.39*1.05 -> 1.4595 | I10: =G10*H10 -> 131355
A17: MANO DE OBRA | E17: CANT. | F17: JORNAL+PRESTAC. | H17: REND. | I17: V-UNIT
A18: =CUADRILLAS!B11 -> CUADRILLA 6 | E18: 1 | F18: =(45000*6+90000)*1.7 -> 612000 | H18: 4.5 | I18: =F18/H18 -> 136000
F20: TOTAL COSTO DIRECTO | I20: =ROUND((SUM(I5:I19)),0) -> 538244
A22: ITEM: | B22: APA PREPARACION CONCRETO 2500PSI EN OBRA
A23: A.P.A.02 | H23: UNIDAD: | I23: M3
A24: EQUIPOS Y HERRAMIENTAS | F24: CANT | G24: Vr. / DIA | H24: REND. | I24: V-UNIT.
A25: Hta menor | I25: =ROUND((SUM(I42:I43)*0.05),0) -> 4250
A26: Concretadora | F26: 1 | G26: 80000 | H26: 7 | I26: =G26*F26/H26 -> 11428.571
A28: MATERIALES | F28: UN. | G28: P-UNIT. | H28: CANT. | I28: V-UNIT
A29: Cemento gris | F29: Saco | G29: 25000 | H29: 6.6 | I29: =+H29*G29 -> 165000
A30: Grava | F30: M3 | G30: 80000 | H30: 0.8 | I30: =+H30*G30 -> 64000
A31: arena | F31: m3 | G31: 50000 | H31: 0.8 | I31: =+H31*G31 -> 40000
A38: TRANSPORTE | E38: Vol (M3) | F38: DIST. | G38: M3-KM | H38: TARIFA | I38: V-UNIT
A39: Materiales
A40: Agregados
A41: MANO DE OBRA | E41: CANT. | F41: JORNAL+PRESTAC. | H41: REND. | I41: V-UNIT
A42: =CUADRILLAS!B11 -> CUADRILLA 6 | E42: 1 | F42: =CUADRILLAS!D11 -> 595000 | H42: 7 | I42: =F42/H42 -> 85000
F44: TOTAL COSTO DIRECTO | I44: =ROUND((SUM(I25:I43)),0) -> 369679
A46: ITEM: | B46: APA PREPARACION CONCRETO 2000PSI EN OBRA
A47: A.P.A.03 | H47: UNIDAD: | I47: M3
A48: EQUIPOS Y HERRAMIENTAS | F48: CANT | G48: Vr. / DIA | H48: REND. | I48: V-UNIT.
A49: Hta menor | I49: =ROUND((SUM(I65:I66)*0.05),0) -> 4250
A50: Concretadora | F50: 1 | G50: 80000 | H50: =H65 -> 7 | I50: =G50*F50/H50 -> 11428.571
A52: MATERIALES | F52: UN. | G52: P-UNIT. | H52: CANT. | I52: V-UNIT
A53: Cemento gris | F53: Saco | G53: 25000 | H53: 5.8 | I53: =+H53*G53 -> 145000
A54: Material de playa mixto | F54: M3 | G54: 35000 | H54: 1.6 | I54: =+H54*G54 -> 56000
A55: Agua | F55: Lt | G55: 120 | H55: 190 | I55: =+H55*G55 -> 22800
A61: TRANSPORTE | E61: Vol (M3) | F61: DIST. | G61: M3-KM | H61: TARIFA | I61: V-UNIT
A62: Materiales | E62: =H53*50/1000 -> 0.29 | F62: 6 | G62: =35000/F62 -> 5833.3333 | H62: =+G62*6 -> 35000 | I62: =+E62*G62 -> 1691.6667
A63: Agregados | E63: =+H54 -> 1.6 | F63: 6 | G63: =35000/F63 -> 5833.3333 | H63: =+G63*6 -> 35000 | I63: =+E63*G63 -> 9333.3333
A64: MANO DE OBRA | E64: CANT. | F64: JORNAL+PRESTAC. | H64: REND. | I64: V-UNIT
A65: =CUADRILLAS!B11 -> CUADRILLA 6 | E65: 1 | F65: =CUADRILLAS!D11 -> 595000 | H65: 7 | I65: =F65/H65 -> 85000
F67: TOTAL COSTO DIRECTO | I67: =ROUND((SUM(I49:I66)),0) -> 335504
A69: ITEM: | B69: APA PREPARACION MORTERO 1:4 EN OBRA
A70: A.P.A.04 | H70: UNIDAD: | I70: M3
A71: EQUIPOS Y HERRAMIENTAS | F71: CANT | G71: Vr. / DIA | H71: REND. | I71: V-UNIT.
A72: Hta menor | I72: =ROUND((SUM(I88:I89)*0.05),0) -> 6611
A73: Concretadora | F73: 1 | G73: 130000 | H73: 8 | I73: =G73*F73/H73 -> 16250
A75: MATERIALES | F75: UN. | G75: P-UNIT. | H75: CANT. | I75: V-UNIT
A76: Cemento gris | F76: Saco | G76: 32000 | H76: 7.5 | I76: =+H76*G76 -> 240000
A77: Material de playa Arena de pega y reboque | F77: M3 | G77: 80000 | H77: 1.2 | I77: =+H77*G77 -> 96000
A84: TRANSPORTE | E84: Vol (M3) | F84: DIST. | G84: M3-KM | H84: TARIFA | I84: V-UNIT
A85: Materiales
A86: Agregados
A87: MANO DE OBRA | E87: CANT. | F87: JORNAL+PRESTAC. | H87: REND. | I87: V-UNIT
A88: =CUADRILLAS!B11 -> CUADRILLA 6 | E88: 1 | F88: =CUADRILLAS!D11 -> 595000 | H88: 4.5 | I88: =F88/H88 -> 132222.22
F90: TOTAL COSTO DIRECTO | I90: =ROUND((SUM(I72:I89)),0) -> 491083
A91: ITEM: | B91: APA PREPARACION MORTERO 1:5 EN OBRA
A92: A.P.A.05 | H92: UNIDAD: | I92: M3
A93: EQUIPOS Y HERRAMIENTAS | F93: CANT | G93: Vr. / DIA | H93: REND. | I93: V-UNIT.
A94: Hta menor | I94: =ROUND((SUM(I110:I111)*0.05),0) -> 3719
A95: Concretadora | F95: 1 | G95: 80000 | H95: =H110 -> 8 | I95: =G95*F95/H95 -> 10000
A97: MATERIALES | F97: UN. | G97: P-UNIT. | H97: CANT. | I97: V-UNIT
A98: Cemento gris | F98: Saco | G98: 25000 | H98: 6.6 | I98: =+H98*G98 -> 165000
A99: Material de playa arena de pega y reboque | F99: M3 | G99: 50000 | H99: 1.3 | I99: =+H99*G99 -> 65000
A106: TRANSPORTE | E106: Vol (M3) | F106: DIST. | G106: M3-KM | H106: TARIFA | I106: V-UNIT
A107: Materiales | E107: =H98*50/1000 -> 0.33 | F107: 6 | G107: =35000/F107 -> 5833.3333 | H107: =+G107*6 -> 35000 | I107: =+E107*G107 -> 1925
A108: Agregados | E108: =+H99 -> 1.3 | F108: 6 | G108: =35000/F108 -> 5833.3333 | H108: =+G108*6 -> 35000 | I108: =+E108*G108 -> 7583.3333
A109: MANO DE OBRA | E109: CANT. | F109: JORNAL+PRESTAC. | H109: REND. | I109: V-UNIT
A110: =CUADRILLAS!B11 -> CUADRILLA 6 | E110: 1 | F110: =CUADRILLAS!D11 -> 595000 | H110: 8 | I110: =F110/H110 -> 74375
F112: TOTAL COSTO DIRECTO | I112: =ROUND((SUM(I94:I111)),0) -> 327602

Sheet CUADRILLAS
A2: PROPUESTA CUADRO DE SALARIO
A5: DESCRIPCION | B5: CUADRILLAS | C5: COSTO DIRECTO | D5: COSTO + PRESTACIONES
A6: 1 AYUDANTE | B6: CUADRILLA 1 | C6: =B24*1 -> 45000 | D6: =+C6*1.7 -> 76500
A7: 2 AYUDANTES | B7: CUADRILLA 2 | C7: =B24*2 -> 90000 | D7: =+C7*1.7 -> 153000
A8: 1 OFICIAL + 1 AYUDANTE | B8: CUADRILLA 3 | C8: =(B16+(B24*1)) -> 125000 | D8: =+C8*1.7 -> 212500
A9: 1 OFICIAL + 2 AYUDANTES | B9: CUADRILLA 4 | C9: =(B16+(B24*2)) -> 170000 | D9: =+C9*1.7 -> 289000
A10: 1 OFICIAL + 4 AYUDANTES | B10: CUADRILLA 5 | C10: =(B16+(B23*4)) -> 280000 | D10: =+C10*1.7 -> 476000
A11: 1 OFICIAL + 6 AYUDANTES | B11: CUADRILLA 6 | C11: =(B16+(B24*6)) -> 350000 | D11: =+C11*1.7 -> 595000
A12: 1TOPOGRAFO + 1CADENERO I + 1 CADENERO II | B12: CUADRILLA 7 | C12: =(B20+B21+B22) -> 190000 | D12: =+C12*1.7 -> 323000
A13: 2 OFICIAL + 2 AYUDANTES | B13: CUADRILLA 8 | C13: =B16*2+B24*2 -> 250000 | D13: =+C13*1.7 -> 425000
A15: DESCRIPCION | B15: SALARIO BASICO (DIA) | C15: % PREST. | D15: SALARIO (MES)
A16: OFICIAL OBRA GRIS | B16: 80000 | C16: 0.7 | D16: =(B16*30)*1.7 -> 4080000
A17: OFICIAL OBRA BLANCA | B17: 80000 | C17: 0.7 | D17: =(B17*30)*1.7 -> 4080000
A18: OFICIAL PLOMERIA | B18: 80000 | C18: 0.7 | D18: =(B18*30)*1.7 -> 4080000
A19: OFICIAL ELECTRICO | B19: 90000 | C19: 0.7 | D19: =(B19*30)*1.7 -> 4590000
A20: TOPOGRAFO 1 | B20: 90000 | C20: 0.7 | D20: =(B20*30)*1.7 -> 4590000
A21: CADENERO 1 | B21: 50000 | C21: 0.7 | D21: =(B21*30)*1.7 -> 2550000
A22: CADENERO 2 | B22: 50000 | C22: 0.7 | D22: =(B22*30)*1.7 -> 2550000
A23: AYUDANTE ENTENDIDO | B23: 50000 | C23: 0.7 | D23: =(B23*30)*1.7 -> 2550000
A24: AYUDANTE RASO | B24: 45000 | C24: 0.7 | D24: =(B24*30)*1.7 -> 2295000
A25: TECNOLOGO CIVIL | B25: 90000 | C25: 0.7 | D25: =(B25*30)*1.7 -> 4590000
A26: INGENIERO CIVIL | B26: 130000 | C26: 0.7 | D26: =(B26*30)*1.7 -> 6630000
